 Dungeon Crawl Stone Soup version 0.28.0-53-g5a82cb258f (webtiles) character file.

Game seed: 6807321078771092772

977 mortz the Conjurer (level 7, -1/45 (51) HPs)
             Began as a Demigod Conjurer on July 2, 2022.
             Slain by Duvessa
             ... wielding a +2 short sword of draining
              (2 damage)
             ... on level 5 of the Dungeon.
             The game lasted 00:21:51 (5998 turns).

mortz the Conjurer (Demigod Conjurer)               Turns: 5998, Time: 00:21:51

HP:   -1/45 (51)    AC: 14    Str:  8    XL:     7   Next: 63%
MP:   10/16         EV:  8    Int: 28    God:
Gold: 105           SH:  0    Dex: 16    Spells: 7/14 levels left

rFire   + . .      SeeInvis .   x - +2 long sword (venom) {long}
rCold   . . .      Faith    .   (no shield)
rNeg    . . .      Spirit   .   y - +7 scale mail of the Sky {Dex+4}
rPois   .          Reflect  .   (no helmet)
rElec   .          Harm     .   (no cloak)
rCorr   .          Rampage  .   d - +0 pair of gloves
Will    .....                   (no boots)
Stlth   +.........              (no amulet)
HPRegen 0.15/turn               w - ring of protection from fire
MPRegen 0.15/turn               (no ring)

@: heavily drained
A: high MP 1, forlorn, divine attributes
a: no special abilities


You were on level 5 of the Dungeon.
You visited 1 branch of the dungeon, and saw 5 of its levels.

You collected 277 gold pieces.
You spent 172 gold pieces at shops.


Innate Abilities, Weirdness & Mutations

You have an increased reservoir of magic. (+10% MP)
You shall have no god before yourself.
Your divine heritage dramatically boosts your attributes as you level up.


   Skills:
 - Level 0.6 Fighting
 * Level 0.3 Armour
 + Level 3.1 Dodging
 + Level 3.3 Stealth
 + Level 4.2 Spellcasting
 + Level 6.0 Conjurations
 * Level 3.2 Translocations


You had 7 spell levels left.
You knew the following spells:

 Your Spells              Type           Power      Damage    Failure   Level
a - Magic Dart            Conj           100%       1d8       6%          1
b - Searing Ray           Conj           78%        2d7       10%         2
c - Iskenderun's Mystic   Conj/Tloc      32%        2d8       73%         4

Your spell library contained the following spells:

 Spells                   Type           Power      Damage    Failure   Level
 Dazzling Flash           Conj/Hex       44%        N/A       54%         3
 Slow                     Hex            20%        N/A       58%         1
 Fulminant Prism          Conj/Hex       11%        3d9       91%         4
 Confusing Touch          Hex            5%         N/A       92%         3
 Vampiric Draining        Necr           5%         2d6       92%         3
 Lightning Bolt           Conj/Air       11%        1d24      99%         5
 Airstrike                Air            2%         N/A       100%        4
 Summon Lightning Spire   Summ/Air       5%         N/A       100%        4

Inventory:

Hand Weapons
 b - a +2 vampiric spear {polearm}
   (You took it off a gnoll on level 3 of the Dungeon)
 f - a +0 dagger {short}
   (You found it on level 1 of the Dungeon)
 m - a +1 mace of draining {mace}
   (You took it off an orc on level 4 of the Dungeon)
 x - a +2 long sword of venom (weapon) {long}
   (You found it on level 5 of the Dungeon)
Armour
 a - a +0 robe
 d - a +0 pair of gloves (worn)
   (You found it on level 4 of the Dungeon)
 y - the +7 scale mail of the Sky (worn) {Dex+4}
   (You found it on level 5 of the Dungeon)

   Dex:       It affects your dexterity (+4).
Jewellery
 w - a ring of protection from fire (left hand)
   (You found it on level 5 of the Dungeon)
Wands
 s - a wand of mindburst (36)
   (You took it off Ijyb on level 4 of the Dungeon)
 v - a wand of charming (6)
   (You found it on level 5 of the Dungeon)
Scrolls
 c - a scroll of fear
 i - 2 scrolls of magic mapping {!r}
 j - 2 scrolls of teleportation {@r4}
 l - a scroll of brand weapon {unknown}
 n - 3 scrolls of vulnerability {!r!r}
 q - a scroll of amnesia {unknown}
 r - 2 scrolls of immolation {!r!r}
 t - a scroll of noise {unknown}
 u - 5 scrolls of enchant armour
Potions
 e - 2 potions of resistance
 g - 2 potions of curing {@q1}
 h - a potion of flight
 k - 2 potions of brilliance
 o - a potion of might
 p - a potion of lignification {unknown}
 z - a potion of attraction {unknown}

Dungeon Overview and Level Annotations

Branches:
Dungeon (5/15)
 Temple: D:4-7

Shops:
D:5 ?

Annotations:
D:3 exclusion: downstairs
D:5 Duvessa

#########
........#
######.## #.#
#.# #.# #.#
#.############
#.#........@.#
#.#...).####e#
#.#........#)#
#.#......#.#.#
#.#.#+#..#.#.#
###
#.#.#.#..#.#.#
..#
#.#.#.#..#.#.#
#.#
#.#.#.##.#.#.#
#.#
#.#.#....#.#.#


You could see Duvessa (berserk, fast, very poisoned).


Message History

You finish taking off your +0 robe.
You start putting on your armour.
You continue putting on the +7 scale mail of the Sky {Dex+4}. x5
You finish putting on the +7 scale mail of the Sky {Dex+4}.
You feel agile.
You open the door.
There is an open door here.
You open the door.
There is an open door here.
A bullfrog skeleton comes into view.
Aiming: Magic Dart (safe; 6% risk of failure)
Press: ? - help, Q - select action, (/) - cycle Shift-Dir - straight line, f - bullfrog skeleton
Aim: a bullfrog skeleton (100% to hit)
The magic dart hits the bullfrog skeleton. 😎 MP[-1]
You lost 1 mp, and now have 15/16 mp.
Aiming: Magic Dart (safe; 6% risk of failure)
Press: ? - help, Q - select action, (/) - cycle Shift-Dir - straight line, f/p - bullfrog skeleton
Aim: a bullfrog skeleton (lightly damaged, 100% to hit)
The magic dart hits the bullfrog skeleton! 😎 MP[-1]
You lost 1 mp, and now have 14/16 mp.
Casting: Magic Dart (safe; 6% risk of failure)
Confirm with . or Enter, or press ? or * to list all spells.
Aiming: Searing Ray (safe; 10% risk of failure)
Press: ? - help, Shift-Dir - straight line, f/p - bullfrog skeleton
Aim: a bullfrog skeleton (heavily damaged, 93% to hit)
The searing ray hits the bullfrog skeleton. (Press . to maintain the ray.) 😎 MP[-2]
You lost 2 mp, and now have 12/16 mp.
The searing ray hits the bullfrog skeleton.
The bullfrog skeleton hits you but does no damage. 😎 MP[-1]
You lost 1 mp, and now have 11/16 mp.
The searing ray hits the bullfrog skeleton!
You destroy the bullfrog skeleton!
Your Conjurations skill increases to level 6! 😎 MP[-1]
You lost 1 mp, and now have 10/16 mp.
z - a sapphire potion 😎 MP[+6]
Your mp is fully restored (16).
You now have 95 gold pieces (gained 12).
You now have 105 gold pieces (gained 10).
Duvessa and Dowan come into view.
Duvessa is wielding a +2 short sword of draining.
Dowan is wielding a +2 dagger of flaming.
Duvessa shouts!
Dowan shouts!
Casting: Searing Ray (safe; 10% risk of failure)
Confirm with . or Enter, or press ? or * to list all spells.
Aiming: Searing Ray (safe; 10% risk of failure)
Press: ? - help, Shift-Dir - straight line The searing ray hits Dowan. (Press . to maintain the ray.) Dowan points at Duvessa and mumbles some strange words.
Duvessa seems to speed up. 😎 MP[-2]
You lost 2 mp, and now have 14/16 mp.
The searing ray hits Dowan! 😎 MP[-1]
You lost 1 mp, and now have 13/16 mp.
The searing ray hits Dowan.
You kill Dowan!
Duvessa screams, "No!
How DARE you!"
Duvessa goes berserk!
The searing ray hits Duvessa. 😎 MP[-1]
You lost 1 mp, and now have 12/16 mp.
The searing ray hits Duvessa.
You finish channelling your searing ray. 😎 MP[-1]
You lost 1 mp, and now have 11/16 mp.
You barely miss Duvessa. Duvessa hits you but does no damage.
You feel drained. Duvessa barely misses you. 😎 HP[-1]
You now have 50 max hp (-1).
You hit Duvessa but do no damage.
Duvessa is poisoned.
Duvessa barely misses you.
Duvessa hits you with a +2 short sword of draining!
You feel drained. 😮 HP[-15] MP[+1]
You now have 48 max hp (-2).
You take 15 damage, and now have 35/48 hp.
MASSIVE DAMAGE!! (PAUSE)
Casting: Searing Ray (safe; 10% risk of failure)
Confirm with . or Enter, or press ? or * to list all spells.
Aiming: Searing Ray (safe; 10% risk of failure)
Press: ? - help, Shift-Dir - straight line, f - Duvessa
Aim: Duvessa, wielding a +2 short sword of draining and wearing a +0 ring mail (lightly wounded, berserk, fast, very poisoned, 86% to hit)
The searing ray hits Duvessa but does no damage. (Press . to maintain the ray.) Duvessa hits you with a +2 short sword of draining!!
* * * LOW HITPOINT WARNING * * *
You feel drained.
* * * LOW HITPOINT WARNING * * *
Duvessa hits you with a +2 short sword of draining!
* * * LOW HITPOINT WARNING * * *
You feel drained.
You die...

Skill      XL: |  1  2  3  4  5  6  7 |
---------------+----------------------+-----
Dodging        | 2 3 |  3.1
Conjurations   | 4 5 6 |  6.0
Spellcasting   | 2 3 4 |  4.2
Stealth        | 2 3 |  3.3
Translocations | 1 2 3 |  3.2
Fighting       | |  0.6
Armour         | |  0.3

Action                   |  1- 3 |  4- 6 |  7- 9 || total
-------------------------+-------+-------+-------++-------
Melee: Dagger            |     3 |     6 |       ||     9
       Long sword        |       |       |     2 ||     2
 Cast: Magic Dart        |    51 |    63 |     9 ||   123
       Searing Ray       |    12 |    31 |    11 ||    54
  Use: Scroll            |       |    10 |       ||    10
Armor: Robe              |     1 |    16 |     1 ||    18
       Scale mail        |       |       |     2 ||     2
Dodge: Dodged            |    16 |    20 |     8 ||    44

Levels and vault maps discovered:
D:1:      saegor_arrival_simple_c, layout_basic
D:2:      layout_basic, dilly_ecumenical_altar_fadedgnrine, uniq_natasha
D:3:      layout_loops_ring, st_stairs_10, solitary_fountain
D:4:      kennysheep_the_goblin_king, layout_basic, serial_bayou_crossing
D:5:      layout_basic, mainiacjoe_overflow_catwalk_spiral, serial_shops,
          shop_statue, uniq_duvessa

Notes
Turn   | Place    | Note
-------+----------+-------------------------------------------
     0 | D:1      | mortz the Demigod Conjurer began the quest for the Orb.
     0 | D:1      | Reached XP level 1. HP: 14/14 MP: 5/5
     0 | D:1      | magus.rc [v1.9.6]
   457 | D:1      | Reached XP level 2. HP: 20/20 MP: 5/7
   465 | D:1      | Learned a level 2 spell: Searing Ray
   742 | D:1      | Reached skill level 2 in Dodging
  1170 | D:2      | Reached skill level 4 in Conjurations
  1221 | D:2      | Reached skill level 2 in Spellcasting
  1471 | D:2      | Reached skill level 2 in Stealth
  1502 | D:2      | Noticed Natasha
  1571 | D:2      | Reached XP level 3. HP: 26/26 MP: 5/8
  2327 | D:2      | Killed Natasha
  2459 | D:3      | Reached XP level 4. HP: 33/33 MP: 7/10
  2716 | D:3      | Noticed a phantom
  2727 | D:3      | Reached skill level 1 in Translocations
  3263 | D:3      | Reached XP level 5. HP: 38/38 MP: 7/12
  3327 | D:3      | Reached skill level 3 in Spellcasting
  3327 | D:3      | Reached skill level 5 in Conjurations
  3666 | D:4      | Noticed a black bear
  3770 | D:4      | Killed a black bear
  3771 | D:4      | Reached XP level 6. HP: 46/46 MP: 2/14
  3776 | D:4      | Learned a level 4 spell: Iskenderun's Mystic Blast
  3895 | D:4      | Reached skill level 2 in Translocations
  4425 | D:4      | Noticed Ijyb
  4547 | D:4      | Killed Ijyb
  4867 | D:5      | Entered Level 5 of the Dungeon
  4921 | D:5      | Found Jouson's Magic Scroll Shop.
  4929 | D:5      | Bought a scroll of enchant armour for 112 gold pieces
  4929 | D:5      | Bought a scroll of identify for 30 gold pieces
  4929 | D:5      | Bought a scroll of identify for 30 gold pieces
  5188 | D:5      | You pick up a book of Debilitation and begin reading...
  5188 | D:5      | You add the spells Slow, Vampiric Draining and Confusing
                  | Touch to your library.
  5201 | D:5      | Reached XP level 7. HP: 51/51 MP: 6/15
  5488 | D:5      | Reached skill level 3 in Dodging
  5488 | D:5      | Reached skill level 3 in Stealth
  5488 | D:5      | Reached skill level 4 in Spellcasting
  5517 | D:5      | Reached skill level 3 in Translocations
  5601 | D:5      | You pick up a book of Storms and begin reading...
  5601 | D:5      | You add the spells Airstrike, Summon Lightning Spire and
                  | Lightning Bolt to your library.
  5768 | D:5      | Identified the +7 scale mail of the Sky {Dex+4}
  5817 | D:5      | Reached skill level 6 in Conjurations
  5991 | D:5      | Noticed Duvessa
  5991 | D:5      | Noticed Dowan
  5994 | D:5      | Killed Dowan
  5998 | D:5      | HP: 9/46 [Duvessa/+2 short sword of draining (8)]
  5998 | D:5      | HP: 1/46 [Duvessa/+2 short sword of draining (8)]
  5998 | D:5      | Slain by Duvessa

Vanquished Creatures
  A black bear (D:4)
  A necrophage (D:5)
  3 ogres (D:5)
  A phantom (D:3)
  A scorpion (D:4)
  Dowan (D:5)
  A centaur zombie (D:5)
  A bullfrog skeleton (D:5)
  Ijyb (D:4)
  Natasha (D:2)
  2 hound zombies (D:5)
  A hound skeleton (D:5)
  4 gnolls (D:3)
  11 adders
  A worm (D:3)
  2 dart slugs
  2 orcs (D:4)
  3 endoplasms
  3 giant cockroaches
  13 goblins
  8 hobgoblins
  8 jackals (D:2)
  A kobold (D:1)
  2 quokkas
  9 ball pythons
  6 bats
  3 frilled lizards
  4 rats
95 creatures vanquished.

Table legend:
 A = Non-vault XP
 B = Vault XP
 C = Vault XP percentage of total XP
 D = Non-vault monster count
 E = Vault monster count
 F = Vault count percentage of total count
                 A         B        C        D         E       F
            +---------+---------+-------+---------+---------+-------
      Total |    1241 |     155 |  11.1 |      85 |      10 |  10.5
            +---------+---------+-------+---------+---------+-------
        D:1 |      21 |       0 |   0.0 |      12 |       0 |   0.0
        D:2 |      53 |      36 |  40.4 |      24 |       1 |   4.0
        D:3 |     251 |       2 |   0.8 |      20 |       1 |   4.8
        D:4 |     266 |      50 |  15.8 |      17 |       7 |  29.2
        D:5 |     650 |      67 |   9.3 |      12 |       1 |   7.7
            +---------+---------+-------+---------+---------+-------

Illustrated notes

Table legend:
 A = Kills in this place as a percentage of kills in entire the game.
 B = Kills by you in this place as a percentage of kills by you in the entire game.
 C = Kills by friends in this place as a percentage of kills by friends in the entire game.
 D = Other kills in this place as a percentage of other kills in the entire game.
 E = Experience gained in this place as a percentage of experience gained in the entire game.
 F = Experience gained in this place divided by the number of levels of this place that you have seen.
                   A       B       C       D       E      F
               +-------+-------+-------+-------+-------+----------------------
         Total | 100.0 | 100.0 |   N/A |   N/A | 100.0 | 279.2
       Dungeon | 100.0 | 100.0 |   N/A |   N/A | 100.0 | 279.2
               +-------+-------+-------+-------+-------+----------------------

Table legend: (Time is in decaauts)
 A = Elapsed time spent in this place.
 B = Non-inter-level travel time spent in this place.
 C = Inter-level travel time spent in this place.
 D = Time resting spent in this place.
 E = Time spent auto-exploring this place.
 F = Levels seen in this place.
 G = Mean time per level.
                   A        B        C        D        E       F      G
               +--------+--------+--------+--------+--------+-----+--------+
         Total |   6004 |   5774 |    230 |    362 |   4682 |   5 | 1200.8 |
       Dungeon |   6004 |   5774 |    230 |    362 |   4682 |   5 | 1200.8 |
               +--------+--------+--------+--------+--------+-----+--------+

Top non-repeatable levels by time:
     D:2: 1410 daAuts
     D:3: 1282 daAuts
     D:5: 1130 daAuts
     D:1: 1111 daAuts
     D:4: 1069 daAuts
